Match 41305885
Unlisted

Match 41305885
End
Construct Barracks
Selects Advanced Infantry Battlegroup
Riflemen Squad
Riflemen Squad
Riflemen Squad
Infantry Support Center
Grenade Package
Engineer Squad
Selects Convert to Ranger Squad
M1918 Browning Automatic Rifles
Selects Frontline Medical Station
Frontline Medical Station
Construct Weapon Support Center
Mortar Pit
Selects Ammunition Storage
Bazooka Squad
Bazooka Squad
Mortar Pit
Improved M9 Bazooka Rockets
Advanced Logistics
Selects M2A1 105mm Howitzer Emplacement
Mortar Pit
UMirinBrah?
Hevsik
Stug Life
Twin
fanisSPR
Gatom
0
0

Comments sign in to comment!

No comments posted yet!